 Dungeon Sprint DCSS version 0.27-a0-1081-ge8a0a9c698 (webtiles) character file.

Game seed: 7229248878585940207

15 mhtbhm the Firebug (level 2, -5/15 HPs)
             Began as a Deep Elf Fire Elementalist on Apr 25, 2021.
             Was a Believer of Vehumet.
             Killed by divine providence
             ... invoked by an orc priest
              (12 damage)
             ... in the Dungeon (Sprint V: "Ziggurat Sprint").
             The game lasted 00:00:47 (153 turns).

mhtbhm the Firebug (Deep Elf Fire Elementalist)      Turns: 153, Time: 00:00:47

Health: -5/15      AC:  5    Str:  5    XL:     2   Next: 34%
Magic:  9/9        EV: 13    Int: 31    God:    Vehumet [**....]
Gold:   0          SH:  0    Dex: 15    Spells: 8/9 levels left

rFire    + . .     SeeInvis .   C - +8 lance "Wyrmbane" {slay drac, rPois rF+ rC+ AC+3}
rCold    + . .     Faith    .   (no shield)
rNeg     . . .     Spirit   .   a - +0 robe
rPois    +         Reflect  .   (no helmet)
rElec    .         Harm     .   (no cloak)
rCorr    .         Rampage  .   (no gloves)
Will     .....     NoTele   +   (no boots)
Stlth    ++........             (no amulet)
HPRegen  0.05/turn              u - +6 ring of intelligence
MPRegen  0.11/turn              v - +6 ring of intelligence

@: no status effects
A: no striking features
a: Renounce Religion


You were in the Dungeon.
You worshipped Vehumet.
Vehumet was pleased with you.
You visited 1 branch

Inventory:

Hand Weapons
 C - the +8 lance "Wyrmbane" (weapon) {slay drac, rPois rF+ rC+ AC+3}
   (You found it in the Dungeon)

   It affects your AC (+3).
   It protects you from fire.
   It protects you from cold.
   It protects you from poison.
Armour
 a - a +0 robe (worn)
Jewellery
 u - a +6 ring of intelligence (left hand)
 v - a +6 ring of intelligence (right hand)
Wands
 y - a wand of mindburst (7)
 z - a wand of iceblast (4)
 A - a wand of acid (7)
Scrolls
 h - 4 scrolls of blinking
 m - 4 scrolls of amnesia
 n - 7 scrolls of fog
 o - a scroll of holy word
 p - 5 scrolls of identify
 q - 2 scrolls of fear
Potions
 b - 2 potions of brilliance
 c - 10 potions of curing
 d - 10 potions of heal wounds
 e - 6 potions of haste
 f - 7 potions of magic
 g - 3 potions of berserk rage
 i - 2 potions of invisibility
 j - 4 potions of resistance
 k - a potion of experience
 l - 5 potions of might
Miscellaneous
 B - a lightning rod (4/4)


   Skills:
 + Level 3.0 Dodging
 + Level 3.3 Stealth
 + Level 4.1 Spellcasting
 + Level 1.3 Conjurations
 + Level 5.1 Fire Magic


You had 8 spell levels left.
You knew the following spells:

 Your Spells              Type           Power      Damage    Failure   Level
a - Foxfire               Conj/Fire      100%       2x1d9     1%          1

Your spell library contained the following spells:

 Spells                   Type           Power      Damage    Failure   Level
 Magic Dart               Conj           56%        1d5       3%          1
 Conjure Flame            Conj/Fire      26%        6-21      4%          3
 Corona                   Hex            6%         N/A       6%          1
 Inner Flame              Hex/Fire       22%        N/A       6%          3
 Slow                     Hex            6%         N/A       9%          2
 Sticky Flame             Conj/Fire      26%        2d5       16%         4
 Portal Projectile        Hex/Tloc       12%        N/A       19%         3
 Fireball                 Conj/Fire      13%        3d7       41%         5
 Cause Fear               Hex            3%         N/A       52%         4
 Leda's Liquefaction      Hex/Erth       3%         N/A       52%         4


Dungeon Overview and Level Annotations

Branches:
Dungeon (1/1)

Altars:
Ashenzari
Cheibriados
Dithmenos
Elyvilon
Fedhas
Gozag
Hepliaklqana
Kikubaaqudgha
Makhleb
Nemelex Xobeh
Okawaru
Qazlal
Ru
Sif Muna
Trog
Uskayaw
Vehumet
Wu Jian
Xom
Yredelemnul
Zin
The Shining One
Beogh
Jiyva
Lugonu

Annotations:
D 1 transporter


Message History

2 orcs, an orc priest and an orc wizard come into view.
Found four items.
Found a transporter.
Unknown command.
Unknown command.
Aiming: Iceblast
Press: ? - help, Shift-Dir - straight line, f - orc
Aim: an orc, wielding a +0 mace and wearing a +0 chain mail (asleep)
The mass of ice explodes!
The iceblast engulfs the orc.
The orc is severely wounded.
The orc shouts!
The iceblast engulfs the orc priest.
The orc priest is lightly wounded.
The iceblast engulfs the orc wizard!
The orc wizard is moderately wounded.
The orc wizard shouts!
The iceblast engulfs the orc.
The orc is almost dead.
The orc shouts!
The orc priest calls down the wrath of Beogh upon you.
Pain shoots through your body!
Ouch! That really hurt!
Unknown command.
Unknown command.
Unknown command.
Aiming: Iceblast
Press: ? - help, Shift-Dir - straight line, f/p - orc
Aim: an orc, wielding a +0 mace and wearing a +0 chain mail (severely wounded)
The mass of ice explodes!
The iceblast engulfs the orc wizard!
The orc wizard is almost dead.
The iceblast engulfs the orc priest!
The orc priest is severely wounded.
The iceblast engulfs the orc!
You kill the orc!
Vehumet accepts your kill.
The iceblast engulfs the orc.
The orc is almost dead.
The orc priest invokes the aid of Beogh against you.
Beogh smites you!
Ouch! That really hurt!
You die...

▓▓▓▓▓▓▓▓▓▓▓▓▓▓▓▓▓▓▓
▓.8©8.▓.8©8.▓.8©8.▓
▓.oo).▓.=|).▓.....▓
▓..o).▓.....▓.)...▓
▓.....▓.....▓.....▓
▓.....▓.....▓.....▓
▓.....▓.....▓..©..▓
▓..@..▓..©..▓▓▓▓▓▓▓
▓▓▓▓▓▓▓▓▓▓▓▓▓


You could see an orc priest, an orc wizard and an orc.

Vanquished Creatures
  A mummy (D)
  An orc (D)
  2 giant cockroach zombies (D)
  A jackal zombie (D)
  A quokka skeleton (D)
6 creatures vanquished.

Vanquished Creatures (others)
  9 foxfires (D)
9 creatures vanquished.

Grand Total: 15 creatures vanquished

Notes
Turn   | Place    | Note
-------+----------+-------------------------------------------
     0 | D        | mhtbhm the Deep Elf Fire Elementalist began the quest for
                  | the Orb.
     0 | D        | Reached XP level 1. HP: 10/10 MP: 6/6
     0 | D        | Found a shimmering blue altar of Sif Muna.
     0 | D        | Found a bloodstained altar of Trog.
     0 | D        | Found a sacrificial altar of Ru.
     0 | D        | Found a stormy altar of Qazlal.
     0 | D        | Found an iron altar of Okawaru.
     1 | D        | Found a sparkling altar of Nemelex Xobeh.
     1 | D        | Found a blossoming altar of Fedhas.
     2 | D        | Found the +6 Majin-Bo {vamp, MP+6 Int+6}
     2 | D        | Found the +9 heavy crossbow "Sniper" {vorpal, Acc+∞ SInv}
     2 | D        | Found the +10 dark maul {vorpal}
     2 | D        | Found the +15 Maxwell's patent armour {-Cast -Tele rElec
                  | Will+ rCorr}
     2 | D        | Found the +18 shield of the Gong {rElec rN+ Will+ EV-5}
     2 | D        | Found the +14 obsidian axe {vorpal, Drain Fly SInv}
     2 | D        | Found the +7 great mace "Firestarter" {inner flame, rF++}
     2 | D        | Found the +6 shillelagh "Devastator" {shatter}
     2 | D        | Found the +11 plutonium sword {Contam Stlth-}
     2 | D        | Found the +8 lance "Wyrmbane" {slay drac, rPois rF+ rC+
                  | AC+3}
     2 | D        | Found the +9 sword of Zonguldrok {reap}
     2 | D        | Found the +13 scythe of Curses {drain, Drain}
     2 | D        | Found the +5 sword of Power {vorpal}
     2 | D        | Found the +7 mace of Variability {chain chaos}
     2 | D        | Found the +7 Singing Sword {vorpal, sonic wave}
     2 | D        | Found the +8 storm bow {elec, penet}
     3 | D        | Found a transporter.
     3 | D        | Found an ancient bone altar of Kikubaaqudgha.
     3 | D        | Found a viscous altar of Jiyva.
     3 | D        | Found a corrupted altar of Lugonu.
     3 | D        | Found a hazy altar of Hepliaklqana.
     3 | D        | Found a burning altar of Makhleb.
     3 | D        | Found an opulent altar of Gozag.
    35 | D        | Became a worshipper of Vehumet
    56 | D        | Entered arena 2.
    56 | D        | Found a transporter.
    91 | D        | Entered arena 3.
    91 | D        | Found a transporter.
    92 | D        | Reached * piety under Vehumet
    92 | D        | Offered knowledge of Magic Dart by Vehumet.
    93 | D        | Reached skill level 4 in Fire Magic
    96 | D        | Reached skill level 5 in Fire Magic
    96 | D        | Reached XP level 2. HP: 15/15 MP: 3/9
   151 | D        | Entered arena 4.
   151 | D        | Found a transporter.
   153 | D        | Reached ** piety under Vehumet
   153 | D        | Killed from afar by an orc priest

Illustrated notes

Levels and vault maps discovered:
D:        sprint_v [room_start, room_1, room_2, room_3, room_4, room_5, room_6,
          room_7, room_8, room_9, room_10, room_11, room_12, room_13, room_14,
          room_15, room_16, room_17, room_18, room_19, room_20, room_21,
          room_22, room_23, room_24, room_25, room_26, room_27]

Skill      XL: |  1 |
---------------+----+-----
Fire Magic     | 5 |  5.1
Dodging        | 3 |  3.0
Stealth        | 3 |  3.3
Spellcasting   | 4 |  4.1
Conjurations   | |  1.3

Action                   || total
-------------------------++-------
 Cast: Foxfire           ||     6
Evoke: Wand              ||     3

Table legend: (Time is in decaauts)
 A = Elapsed time spent in this place.
 B = Non-inter-level travel time spent in this place.
 C = Inter-level travel time spent in this place.
 D = Time resting spent in this place.
 E = Time spent auto-exploring this place.
 F = Levels seen in this place.
 G = Mean time per level.
                   A        B        C        D        E       F      G
               +--------+--------+--------+--------+--------+-----+--------+
         Total |    151 |    151 |      0 |     64 |      0 |   1 |  151.0 |
       Dungeon |    151 |    151 |      0 |     64 |      0 |   1 |  151.0 |
               +--------+--------+--------+--------+--------+-----+--------+

Top non-repeatable levels by time:
       D: 151 daAuts
